 Dungeon Crawl Stone Soup version 0.17-a0-2198-g482c6e3 (webtiles) character file.

92 Bazman the Ducker (level 4, -1/26 HPs)
             Began as a Tengu Gladiator on Oct 18, 2015.
             Was an Initiate of Cheibriados.
             Killed from afar by an orc wizard (4 damage)
             ... with a magic dart
             ... on level 3 of the Dungeon on Oct 26, 2015.
             The game lasted 00:23:33 (944 turns).

Bazman the Ducker (Tengu Gladiator)                  Turns: 944, Time: 00:23:33

Health: -1/26      AC:  3    Str: 17    XL:     4   Next: 60%
Magic:  5/5        EV: 14    Int: 10    God:    Cheibriados [......]
Gold:   135        SH:  0    Dex: 15    Spells: 0 memorised, 3 levels left

rFire  . . .     SeeInvis .     l - +0 hunting sling
rCold  . . .     Clarity  .     b - +0 leather armour
rNeg   . . .     SustAt   .     (no shield)
rPois  .         Gourm    .     c - +0 hat
rElec  .         Spirit   .     (no cloak)
rCorr  .         Warding  .     (no gloves)
rMut   .         Stasis   .     (boots unavailable)
MR     .....                    (no amulet)
Stlth  +.........               (no ring)
                                (no ring)

@: very slow, not resistant to hostile enchantments, very unstealthy
A: beak, talons 3
a: Bend Time, Renounce Religion


You were on level 3 of the Dungeon.
You worshipped Cheibriados.
Cheibriados was noncommittal.
You were not hungry.

You visited 1 branch of the dungeon, and saw 3 of its levels.

You collected 135 gold pieces.

Inventory:

Hand Weapons
 a - a +0 war axe
 f - a +0 club
 h - a +0 club
 i - a +0 short sword
 l - a +0 hunting sling (weapon)
 n - a +0 dagger
 p - a +0 dagger
 u - a +0 dagger
 v - a cursed -2 dagger
 y - a +0 dagger
 A - a +0 club
 B - a +0 short sword
 E - a +0 club
Missiles
 d - 3 tomahawks
 o - 5 stones (quivered)
 D - a throwing net
Armour
 b - a +0 leather armour (worn)
 c - a +0 hat (worn)
 k - a +0 leather armour
 r - a cursed +0 leather armour
 x - a +0 ring mail
 z - a +0 chain mail
 C - a +0 ring mail
Jewellery
 m - a cursed -4 ring of dexterity {unknown}
 q - an uncursed ring of protection from magic {unknown}
Scrolls
 g - a scroll of noise {unknown}
 F - a scroll of identify {unknown}
Potions
 j - a potion of resistance {unknown}
 t - a potion of heal wounds {unknown}
 G - a potion of cancellation {unknown}
Comestibles
 e - a bread ration
 w - a slice of pizza


   Skills:
 + Level 2.0 Fighting
 + Level 4.3 Axes
 + Level 2.3 Throwing
 + Level 0.4 Armour
 + Level 4.5 Dodging
 + Level 0.2 Stealth


You had 3 spell levels left.
You didn't know any spells.

Dungeon Overview and Level Annotations

Branches:
Dungeon (3/15)

Altars:
Cheibriados
Dithmenos
Vehumet


Innate Abilities, Weirdness & Mutations

You have a beak for a mouth.
You have claws for feet.


Message History

The orc priest shouts!
The orc priest miscasts a cantrip.
The orc wizard shouts!
The orc priest calls down the wrath of Beogh upon you.
Something smites you!
You fail to use your ability.
An orc wizard comes into view. It is wielding a dagger.
The orc wizard looks braver for a moment.
The orc priest casts a cantrip, but nothing happens.
The orc priest looks braver for a moment.
The orc wizard gestures wildly while chanting.
The orc wizard flickers and vanishes!
Deactivating autopickup; reactivate with Ctrl-A.
A puff of frost appears from out of thin air!
The puff of frost hits you!
* * * LOW HITPOINT WARNING * * *
The goblin falls through a shaft!
The shaft crumbles and collapses.
A magic dart appears from out of thin air!
The magic dart hits you!
You die...

#.#. #.# #.#..> #.# .....>
#.# #...# #.# ## ### #...#
#####.##.# ...
#####...#####.......# ...
.........@..†..#...## ...
...................####...
..............o......#..g.
####...#####.............
#...# #........#.... #...#
#.##........## #†..#
#.##.....##.#
#...#####.####..## .#
######...†...........# .#


You could see an orc priest.

Vanquished Creatures
  An orc priest (D:3)
  3 adders (D:2)
  2 worms (D:2)
  3 orcs (D:3)
  2 ball pythons
  2 bats (D:1)
  3 giant cockroaches
  2 goblins
  3 hobgoblins
  5 kobolds
  4 rats
30 creatures vanquished.

Notes
Turn   | Place    | Note
--------------------------------------------------------------
     0 | D:1      | Bazman the Tengu Gladiator began the quest for the Orb.
     0 | D:1      | Reached XP level 1. HP: 12/12 MP: 2/2
     3 | D:1      | Upgraded the game from 0.17-a0-2105-gad05798 to 0.17-a0-2179-g6177076
   110 | D:1      | Reached XP level 2. HP: 11/17 MP: 3/3
   359 | D:2      | Found a snail-covered altar of Cheibriados.
   366 | D:2      | Became a worshipper of Cheibriados the Contemplative
   424 | D:2      | Found a shadowy altar of Dithmenos.
   456 | D:2      | Reached skill level 4 in Axes
   456 | D:2      | Reached XP level 3. HP: 13/21 MP: 4/4
   546 | D:2      | Found a radiant altar of Vehumet.
   552 | D:2      | Upgraded the game from 0.17-a0-2179-g6177076 to 0.17-a0-2198-g482c6e3
   850 | D:3      | Reached XP level 4. HP: 24/26 MP: 5/5
   944 | D:3      | Killed from afar by an orc wizard

Vault maps used:
D:1:      eino_arrival_cavern_d
D:2:      nicolae_dithmenos_through_a_glass_darkly,
          nicolae_overflow_crystal_walls, lemuel_round_altar
D:3:      portal_sewer_entry_c

Action                   |  1- 3 |  4- 6 || total
-------------------------+-------+-------++-------
Melee: War axe           |    48 |     4 ||    52
 Fire: Hunting sling     |       |     8 ||     8
Throw: Throwing net      |     3 |       ||     3
  Eat: Beef jerky        |       |     1 ||     1
